 Dungeon Crawl Stone Soup version 0.15-a0-1549-gb42009b (webtiles) character file.

6094 Quh the Conjurer (level 10, 0/73 HPs)
             Began as a Demonspawn Wizard on June 17, 2014.
             Was a High Priest of Sif Muna.
             Slain by a white ugly thing (17 damage)
             ... on Level 11 of the Dungeon.
             The game lasted 01:11:32 (13719 turns).

Quh the Conjurer (Demonspawn Wizard)               Turns: 13719, Time: 01:11:33

HP   0/73        AC  8     Str  8      XL: 10   Next: 58%
MP   3/24        EV 13     Int 23      God: Sif Muna [*****.]
Gold 449         SH  0     Dex 11      Spells:  6 memorised,  8 levels left

rFire  . . .     SeeInvis .     s - +2 dagger (drain)
rCold  . . .     Clarity  .     J - +2 robe
rNeg   . . .     rCorr    +     (no shield)
rPois  +         rRot     +     b - +0 hat
rElec  .         Spirit   .     r - +0 cloak
SustAb .         Warding  .     e - +2 pair of gloves
rMut   .         Stasis   .     (no boots)
Gourm  .                        f - amulet of resist corrosion
MR     .....                    y - ring of stealth
                                w - ring of poison resistance

@: about to teleport, repel missiles, not resistant to hostile enchantments,
stealthy
A: antennae 2, spiny 2, rot immunity
a: Channel Energy, Forget Spell, Renounce Religion


You were on level 11 of the Dungeon.
You worshipped Sif Muna.
Sif Muna was extremely pleased with you.
You were hungry.

You visited 2 branches of the dungeon, and saw 11 of its levels.

You collected 449 gold pieces.

Inventory:

Hand weapons
 k - a +0 dagger of freezing
 s - a +2 dagger of draining (weapon)
 D - a +0 flail of protection
 H - a cursed +3 spear
 K - a cursed -3 shortbow
Missiles
 j - 31 stones (quivered)
Armour
 b - a +0 hat (worn)
 e - a +2 pair of gloves (worn)
 r - a +0 cloak (worn)
 J - a +2 robe (worn)
Magical devices
 p - a wand of random effects (13)
 C - a wand of teleportation (1)
 G - a wand of fireball (5) {unknown}
Comestibles
 a - a meat ration
 d - 6 bread rations
 I - 7 slices of pizza
 L - a royal jelly
Scrolls
 g - 6 scrolls of remove curse
 h - 5 scrolls of identify
 i - a scroll of recharging {unknown}
 l - a scroll of random uselessness {unknown}
 m - 2 scrolls of amnesia {unknown}
 t - a scroll of teleportation
 x - 2 scrolls of fear {unknown}
 A - 2 scrolls of enchant weapon {unknown}
 F - 2 scrolls of noise {unknown}
Jewellery
 f - an amulet of resist corrosion (around neck)
 n - an uncursed amulet of guardian spirit
 w - a ring of poison resistance (left hand)
 y - a ring of stealth (right hand)
 B - an uncursed ring of fire
Potions
 o - a potion of haste
 u - a potion of heal wounds
 v - 4 potions of restore abilities
 z - 3 potions of magic
 E - 2 potions of curing
Books
 c - a book of Minor Magic

   Spells                             Type                      Level
   *Magic Dart                        Conjuration                  1
   *Blink                             Translocation                2
   *Call Imp                          Summoning                    2
   *Repel Missiles                    Charms/Air                   2
   Slow                               Hexes                        2
   *Conjure Flame                     Conjuration/Fire             3
   *Mephitic Cloud                    Conjuration/Poison/Air       3
Magical staves
 q - an uncursed staff of cold


   Skills:
 - Level 4.6 Fighting
 + Level 3.1 Dodging
 + Level 6.5 Stealth
 + Level 6.3 Spellcasting
 * Level 10.1 Conjurations
 - Level 2.1 Charms
 - Level 2.9 Summonings
 - Level 3.1 Translocations
 - Level 2.7 Air Magic
 + Level 3.0 Evocations


You had 8 spell levels left.
You knew the following spells:

 Your Spells              Type           Power        Failure   Level  Hunger
a - Magic Dart            Conj           ####         1%          1    None
b - Blink                 Tloc           N/A          3%          2    None
c - Call Imp              Summ           ###.....     3%          2    None
d - Repel Missiles        Chrm/Air       ###...       4%          2    None
e - Mephitic Cloud        Conj/Pois/Air  ####....     6%          3    #......
f - Conjure Flame         Conj/Fire      ####....     3%          3    #......


Dungeon Overview and Level Annotations

Branches:
Dungeon (11/15)            Temple (1/1) D:6
    Orc: D:9-12        Lair: D:8-11

Altars:
Ashenzari
Cheibriados
Dithmenos
Elyvilon
Fedhas
Gozag
Kikubaaqudgha
Makhleb
Nemelex Xobeh
Okawaru
Qazlal
Sif Muna
Trog
Vehumet
Xom
Yredelemnul
Zin
The Shining One

Shops:
D:5 =


Innate Abilities, Weirdness & Mutations

You have a pair of antennae on your head.
You are mostly covered in sharp spines.
You are immune to rotting.


Message History

You feel a bit more experienced. The orc priest misses your crimson imp.
Casting: Call Imp
Confirm with . or Enter, or press ? or * to list all spells.
You blink.
The centaur misses the white ugly thing.
The orc priest utters an invocation to Beogh.
You feel troubled.
The white ugly thing is struck by your spines.
The white ugly thing pecks you. The white ugly thing freezes you!!
The centaur hits the white ugly thing!
The white ugly thing is killed!
Your Evocations skill increases to level 3!
The white ugly thing basks in the mutagenic energy from its kin and changes!
Your crimson imp hits the white ugly thing.
Read which item? (? for menu, Esc to quit)
As you read the scroll of teleportation, it crumbles to dust.
You feel strangely unstable. The white ugly thing engulfs you!
* * * LOW HITPOINT WARNING * * *
The white ugly thing freezes you!
You die...

#.... {{
#.... {{
+.... # #....
####.# ####'
#.5o5# #.
###.##### #.
#.u.....# ##
#@u.....####
####
#(u...o....#
#.!.
#.c.....##..#
#...
#.......#
#...
#.......#
+%..
#......$#
#...
#..))...#
#...
#.<.....#
####
#########


You could see 3 ugly things, a centaur (confused), an orc priest, an orc
(confused) and a friendly crimson imp.

Vanquished Creatures
  2 hill giants (D:10)
  A two-headed ogre (D:5)
  A trapdoor spider (D:7)
  A hungry ghost (D:7)
  A human (D:7)
  2 sharks (D:7)
  A wraith (D:10)
  4 yaks (D:7)
  An ugly thing (D:11)
  2 hippogriffs
  A water moccasin (D:7)
  A phantom (D:4)
  2 sky beasts
  An orc warrior (D:11)
  Purgy (D:3)
  An ice beast (D:10)
  Duvessa (D:8)
  3 ogres
  Edmund (D:4)
  2 giant frogs
  3 scorpions
  6 jellies
  5 wights
  A yak zombie (D:7)
  5 killer bees (D:10)
  5 centaurs
  A giant frog zombie (D:10)
  Dowan (D:8)
  8 crimson imps
  A gnoll shaman (D:7)
  2 hounds (D:7)
  An orc priest (D:5)
  A quasit (D:6)
  7 worker ants
  An iguana (D:6)
  5 orc wizards
  3 sheep (D:7)
  9 gnolls
  6 adders
  A giant mite (D:1)
  A white imp (D:7)
  4 worms
  3 shadow imps
  An ooze (D:5)
  29 orcs
  A bat skeleton (D:5)
  7 hobgoblins
  8 quokkas
  13 bats
  4 giant cockroaches
  4 giant geckos
  A giant gecko zombie (D:7)
  5 giant newts
  A giant spore (D:6)
  10 goblins
  A hobgoblin zombie (D:7)
  13 jackals
  14 kobolds
  14 rats
  A rat skeleton (D:6)
  A ballistomycete (D:6)
238 creatures vanquished.

Vanquished Creatures (collateral kills)
  A two-headed ogre (D:10)
  A shark (D:7)
  An ice beast (D:7)
  A killer bee (D:10)
  A crimson imp (D:6)
  A centaur skeleton (D:10)
  An iguana (D:4)
  A worker ant (D:10)
  A gnoll (D:4)
  2 adders
  3 orcs
  A bat (D:7)
  3 hobgoblins
  4 jackals (D:1)
  A kobold (D:1)
  A giant newt (D:1)
24 creatures vanquished.

Vanquished Creatures (others)
  20 crimson imps
  3 iron imps
  4 shadow imps
  11 white imps
  A bush (D:3)
39 creatures vanquished.

Grand Total: 301 creatures vanquished

Notes
Turn   | Place    | Note
--------------------------------------------------------------
     0 | D:1      | Quh, the Demonspawn Wizard, began the quest for the Orb.
     0 | D:1      | Reached XP level 1. HP: 13/13 MP: 4/4
   125 | D:1      | Gained mutation: You are partially covered in sharp spines. [demonic ancestry]
   125 | D:1      | Reached XP level 2. HP: 4/19 MP: 0/6
   518 | D:1      | Learned a level 2 spell: Blink
   521 | D:1      | Learned a level 2 spell: Call Imp
   524 | D:1      | Learned a level 2 spell: Repel Missiles
   851 | D:1      | Reached skill level 1 in Translocations
   887 | D:1      | Reached XP level 3. HP: 24/24 MP: 1/7
  1396 | D:2      | Gained mutation: You have a pair of small antennae on your head. [demonic ancestry]
  1396 | D:2      | Reached XP level 4. HP: 30/30 MP: 1/9
  1662 | D:2      | Found a deep blue altar of Sif Muna.
  1663 | D:2      | Found a glowing golden altar of the Shining One.
  1665 | D:2      | Found a shadowy altar of Dithmenos.
  1668 | D:2      | Found a shimmering altar of Xom.
  1677 | D:2      | Became a worshipper of Sif Muna the Loreminder
  1891 | D:3      | Noticed Purgy
  2211 | D:3      | Noticed a centaur
  2331 | D:3      | Killed a centaur
  2331 | D:3      | Reached skill level 1 in Air Magic
  2461 | D:3      | Found a blossoming altar of Fedhas.
  2463 | D:3      | Gained mutation: You are immune to rotting. [demonic ancestry]
  2463 | D:3      | Reached XP level 5. HP: 35/35 MP: 2/11
  2540 | D:3      | Reached skill level 4 in Conjurations
  2838 | D:3      | Learned a level 3 spell: Mephitic Cloud
  2989 | D:3      | Found a sparkling altar of Nemelex Xobeh.
  3207 | D:4      | Noticed a phantom
  3263 | D:4      | Killed a phantom
  3263 | D:4      | Acquired Sif Muna's first power
  3263 | D:4      | Gained mutation: You have a pair of antennae on your head. [demonic ancestry]
  3263 | D:4      | Reached XP level 6. HP: 15/41 MP: 0/13
  4168 | D:4      | Noticed Edmund
  4248 | D:4      | Killed Edmund
  4343 | D:4      | Reached skill level 5 in Conjurations
  4599 | D:5      | Entered Level 5 of the Dungeon
  5166 | D:5      | Gained mutation: You are mostly covered in sharp spines. [demonic ancestry]
  5166 | D:5      | Reached XP level 7. HP: 25/46 MP: 0/15
  5337 | D:5      | Found Grenexih's Jewellery Emporium.
  5595 | D:5      | Noticed a two-headed ogre
  5614 | D:5      | Killed a two-headed ogre
  5743 | D:5      | Acquired Sif Muna's second power
  5865 | D:6      | Found a staircase to the Ecumenical Temple.
  5945 | Temple   | Entered the Ecumenical Temple
  6488 | D:6      | Reached skill level 6 in Conjurations
  6490 | D:6      | Reached skill level 1 in Fighting
  6490 | D:6      | Reached XP level 8. HP: 52/54 MP: 1/18
  6682 | D:6      | Learned a level 3 spell: Conjure Flame
  6950 | D:6      | Reached skill level 1 in Charms
  7682 | D:7      | Reached skill level 7 in Conjurations
  8003 | D:3      | Killed Purgy
  8626 | D:7      | Reached XP level 9. HP: 63/63 MP: 7/20
  9687 | D:7      | Reached skill level 5 in Spellcasting
  9687 | D:7      | Reached skill level 8 in Conjurations
 10086 | D:7      | Reached skill level 5 in Stealth
 10633 | D:7      | Reached skill level 9 in Conjurations
 10647 | D:7      | Acquired Sif Muna's third power
 11075 | D:8      | Noticed Dowan
 11081 | D:8      | Noticed Duvessa
 11090 | D:8      | Killed Dowan
 11094 | D:8      | Killed Duvessa
 11322 | D:7      | You fall through a shaft!
 11322 | D:10     | Entered Level 10 of the Dungeon
 11510 | D:10     | Noticed a hill giant
 11521 | D:10     | Killed a hill giant
 11521 | D:10     | Reached XP level 10. HP: 9/73 MP: 14/23
 11534 | D:10     | Noticed a hill giant
 11544 | D:11     | Reached skill level 1 in Evocations
 11720 | D:11     | Noticed a seven-headed hydra
 11822 | D:10     | HP: 1/73 [hill giant/giant spiked club (25)]
 11836 | D:10     | HP: 2/73 [centaur/arrow (8)]
 12520 | D:10     | Killed a hill giant
 13136 | D:10     | Reached skill level 10 in Conjurations
 13719 | D:11     | Slain by a white ugly thing

Action                   |  1- 3 |  4- 6 |  7- 9 | 10-12 || total
-------------------------+-------+-------+-------+-------++-------
Melee: Unarmed           |    12 |       |       |       ||    12
       Dagger            |     9 |    43 |   111 |    38 ||   201
 Cast: Magic Dart        |    63 |   153 |   369 |   111 ||   696
       Call Imp          |     4 |    27 |    58 |    26 ||   115
       Blink             |       |     1 |     2 |     5 ||     8
       Repel Missiles    |       |     1 |       |     1 ||     2
       Mephitic Cloud    |       |     4 |    22 |    17 ||    43
       Conjure Flame     |       |       |    26 |    10 ||    36
Evoke: Wand              |       |     1 |     1 |     1 ||     3
  Use: Scroll            |     1 |     5 |     3 |     2 ||    11
       Potion            |       |     1 |       |     2 ||     3
 Stab: Confused          |       |       |     1 |       ||     1
       Distracted        |       |       |       |     2 ||     2
